 Dungeon Crawl Stone Soup version 0.18.1-48-g4cf74bf (webtiles) character file.

125292 tyranidshit the Warrior (level 16, -10/165 HPs)
             Began as a Minotaur Berserker on July 15, 2016.
             Was the Champion of Trog.
             Mangled by a snapping turtle (12 damage)
             ... on level 3 of the Shoals.
             The game lasted 01:59:07 (19517 turns).

tyranidshit the Warrior (Minotaur Berserker)       Turns: 19517, Time: 01:59:08

Health: -10/165    AC: 27    Str: 36    XL:     16   Next: 41%
Magic:  19/20      EV: 19    Int:  7    God:    Trog [******]
Gold:   2329       SH:  0    Dex: 17    Spells: 0 memorised, 15 levels left

rFire  . . .     SeeInvis .     S - +11 battleaxe of No Interval {speed, rC+ Str+4 Dex+4}
rCold  + + .     Gourm    .     K - +3 chain mail of Divine Compulsion {+Blink rC+ rN+}
rNeg   + . .     Faith    +     (shield currently unavailable)
rPois  .         Spirit   .     (helmet restricted)
rElec  .         Dismiss  .     b - +2 cloak
rCorr  .         Reflect  .     e - +2 pair of gloves
SustAt .         Harm     .     q - +2 pair of boots
MR     +++..                    w - amulet of faith
Stlth  ..........               a - +3 ring of intelligence
                                m - +6 ring of strength

@: lethally poisoned (-10 -> -10), regenerating, extremely resistant to hostile
enchantments, extremely unstealthy
A: retaliatory headbutt, horns 2, deterioration 1, low mp 1, regeneration 1,
subdued magic 1
a: Berserk, Trog's Hand, Brothers in Arms, Burn Spellbooks, Renounce Religion,
Evoke Blink


You were on level 3 of the Shoals.
You worshipped Trog.
Trog was exalted by your worship.
You were completely stuffed.

You visited 4 branches of the dungeon, and saw 28 of its levels.
You also visited: Labyrinth, Sewer, Bailey and Ice Cave.

You collected 2608 gold pieces.
You spent 279 gold pieces at shops.

Inventory:

Hand Weapons
 c - a +3 broad axe of electrocution
 G - the +4 falchion "Beetlebane" {distort, Str+4 Int+2 Dex+2 SInv}
   (You found it on level 3 of the Shoals)

   It warps and distorts space around it.
   Unwielding it can cause banishment or high damage.
   It affects your strength (+4).
   It affects your intelligence (+2).
   It affects your dexterity (+2).
   It lets you see invisible.
 S - the +11 battleaxe of No Interval (weapon) {speed, rC+ Str+4 Dex+4}
   (Trog gifted it to you on level 8 of the Lair of Beasts)

   Attacks with this weapon are significantly faster.
   It affects your strength (+4).
   It affects your dexterity (+4).
   It protects you from cold.
Missiles
 O - 47 sling bullets
Armour
 b - a +2 cloak (worn)
 e - a +2 pair of gloves (worn)
 q - a +2 pair of boots (worn)
 z - a +1 large shield of protection
 K - the +3 chain mail of Divine Compulsion (worn) {+Blink rC+ rN+}
   (You found it in a labyrinth)

   It protects you from cold.
   It protects you from negative energy.
   It lets you blink.
 V - a +1 plate armour of poison resistance
Jewellery
 a - a +3 ring of intelligence (right hand)
 m - a +6 ring of strength (left hand)
 w - an amulet of faith (around neck)
 y - an uncursed ring of fire
 Q - an uncursed ring of ice
Wands
 h - a wand of digging (10/24)
 n - a wand of disintegration (17/24)
 L - a wand of slowing (28/48)
 N - a wand of confusion (28/48)
Scrolls
 f - 13 scrolls of teleportation
 i - 7 scrolls of remove curse
 o - 2 scrolls of blinking
 t - a scroll of fear
 u - 2 scrolls of fog
 A - 4 scrolls of enchant armour
 D - 15 scrolls of identify
 H - 5 scrolls of recharging
 Y - 3 scrolls of enchant weapon
Potions
 d - 6 potions of haste
 g - 3 potions of flight
 l - a potion of might
 p - 8 potions of curing
 r - 3 potions of magic
 s - 4 potions of agility
 v - a potion of beneficial mutation
 x - 2 potions of cure mutation
 B - a potion of lignification
 F - 4 potions of cancellation
 M - a potion of invisibility
 T - a potion of brilliance
 W - a potion of ambrosia
Miscellaneous
 j - an ornate deck of wonders
Comestibles
 k - 50 fruits
 C - 4 meat rations
 I - 4 slices of pizza
 P - a royal jelly
 R - 2 bread rations


   Skills:
 - Level 20.8 Fighting
 + Level 14.6 Axes
 + Level 14.2 Armour
 + Level 13.2 Dodging
 - Level 10.0 Evocations


You had 15 spell levels left.
You didn't know any spells.

Dungeon Overview and Level Annotations

Branches:
Dungeon (15/15)            Temple (0/1) D:6            Lair (8/8) D:9
 Shoals (3/4) Lair:3        Snake (0/4) Lair:5        Slime (0/6) Lair:8
    Orc (2/2) D:10            Elf (0/3) Orc:2        Vaults (0/5) D:14
 Depths (0/5) D:15

Altars:
Ashenzari
Dithmenos
Elyvilon
Gozag
Nemelex Xobeh
Okawaru
Pakellas
Qazlal
Ru
Vehumet
Zin
The Shining One
Beogh
Jiyva

Shops:
D:4 *   D:8 !   Orc:2 %[(

Annotations:
D:5 2 runed doors
D:14 exclusion: Roxanne, Roxanne
Shoals:3 junkhipster's ghost, journeyman GrFi


Innate Abilities, Weirdness & Mutations

You reflexively headbutt those who attack you in melee.
You have a pair of horns on your head.
Your body sometimes deteriorates upon taking damage.
Your magical capacity is low (-10% MP).
Your natural rate of healing is unusually fast.
Your spells are a little easier to cast, but a little less powerful.


Message History

You feel resistant to hostile enchantments.
You feel slightly less full.
The merfolk avatar chants a haunting song.
You resist with almost no effort.
Junkhipster's ghost says, "You must not succeed where I failed!"
Junkhipster's ghost hits you!!
* * * LOW HITPOINT WARNING * * *
Junkhipster's ghost burns you.
* * * LOW HITPOINT WARNING * * *
The snapping turtle barely misses you.
Drink which item? (? for menu, Esc to quit)
You feel much better. Junkhipster's ghost hits you!
* * * LOW HITPOINT WARNING * * *
Junkhipster's ghost burns you!
* * * LOW HITPOINT WARNING * * *
The snapping turtle barely misses you.
Okay, then.
You blink.
You feel slightly less full.
You feel sick.
The snapping turtle bites you from afar!
You die...

≈≈≈≈≈≈≈≈≈≈≈ ≈
≈≈≈≈P≈≈≈≈≈≈ ≈≈
...≈≈≈≈≈≈≈≈ ≈≈≈
.....≈≈P≈≈≈≈≈ ≈≈≈≈≈.
P....≈≈≈PP≈≈≈ ≈≈≈≈≈.
#....≈≈P≈P≈P≈
≈≈≈m≈.######...≈≈≈≈≈P≈PP
≈≈≈≈≈≈.@.P# #....≈P.≈PPP
≈≈≈≈≈≈≈≈>.###...≈≈≈..≈≈P
≈≈≈≈≈≈t≈≈..#..≈≈≈≈≈..≈≈.
≈≈≈≈≈≈≈≈W...##≈≈≈≈≈≈≈≈≈≈
≈≈≈≈≈≈≈≈§≈.##.≈†≈≈≈≈≈≈≈≈
≈≈≈≈≈≈≈≈≈..<≈≈.)≈≈≈.≈≈≈≈
≈≈≈≈≈≈≈≈≈...≈....##.PPP≈
≈≈≈≈≈≈≈≈≈≈≈≈........P≈≈≈
≈≈≈≈≈≈≈≈≈≈≈.........≈≈≈


You could see a merfolk avatar, a snapping turtle and junkhipster's ghost.

Vanquished Creatures
  An orc warlord (Bailey)
  Maud (Lair:6)
  Nessos (Lair:6)
  Azrael (D:14)
  Snorg (D:10)
  A minotaur (Lab)
  A merfolk impaler (Shoals:1)
  A vault guard (D:14)
  A fire dragon (Lair:8)
  2 ogre magi
  A yaktaur captain (D:15)
  6 hydras
  Erica (Orc:1)
  2 catoblepae
  A death knight (D:12)
  A merfolk aquamancer (Shoals:1)
  3 centaur warriors
  A tengu warrior (D:15)
  A satyr (Shoals:3)
  3 death yaks (Lair:8)
  3 orc high priests (Orc:2)
  Sonja (D:14)
  The ghost of Thomus the Cleaver, a novice HOFi (D:7)
  4 sea snakes
  An unseen horror (D:10)
  4 hill giants
  15 harpies
  5 orc knights
  5 ugly things
  A deep elf mage (Orc:2)
  5 griffons
  An orc sorcerer (Orc:2)
  8 elephants
  17 fauns
  4 cyclopes
  13 manticores
  Joseph (Lair:1)
  5 water nymphs
  2 gargoyles
  2 ice statues (IceCv)
  13 spiny frogs
  8 black mambas
  7 sirens
  4 centaur skeletons
  A freezing wraith (D:12)
  7 komodo dragons
  A yaktaur (D:15)
  2 efreet
  5 rime drakes
  8 merfolk
  4 polar bears
  6 trolls
  Grinder (D:5)
  6 slime creatures (D:14)
  A two-headed ogre (Orc:1)
  18 blink frogs
  5 snapping turtles
  5 water elementals
  Sigmund (D:2)
  A shadow (D:14)
  49 yaks
  5 basilisks
  7 wyverns
  4 wraiths
  A steam dragon (Lair:8)
  3 fire elementals (D:14)
  7 hippogriffs
  3 hungry ghosts
  A golden eye (shapeshifter) (D:13)
  6 wargs
  3 vampire mosquitoes
  5 nagas (Lair:5)
  4 mottled dragons
  5 hell hounds (D:14)
  23 water moccasins
  35 orc warriors
  7 porcupines
  4 swamp drakes (Lair:8)
  7 wasps
  3 black bears
  11 ice beasts
  3 sky beasts
  2 eyes of draining
  2 necrophages
  2 phantoms
  21 ogres
  27 wolves
  21 crocodiles
  16 centaurs
  3 big kobolds
  A gnoll sergeant (D:6)
  22 giant frogs
  A water moccasin skeleton (D:7)
  2 wyvern skeletons
  4 scorpions
  5 wights (D:9)
  A howler monkey (D:12)
  8 crimson imps
  5 centaur zombies
  A quasit (D:10)
  5 hounds
  5 jellies
  17 orc priests
  2 giant frog skeletons
  20 orc wizards
  16 iguanas
  10 worker ants
  15 sheep
  2 hound zombies (D:9)
  2 hound skeletons (D:4)
  A howler monkey zombie (D:5)
  2 worker ant zombies
  Robin (D:2)
  24 gnolls
  3 howler monkey skeletons
  24 adders
  42 river rats
  6 shadow imps
  An adder skeleton (D:4)
  An adder zombie (D:10)
  2 worms
  A dart slug (D:1)
  5 giant geckos
  105 orcs
  6 bats
  4 giant cockroaches
  27 hobgoblins
  21 jackals
  2 quokkas (D:3)
  2 ball pythons (D:2)
  4 giant newts
  26 goblins
  16 kobolds
  A quokka skeleton (D:4)
  13 rats
  15 fungi
  21 plants
1043 creatures vanquished.

Vanquished Creatures (collateral kills)
  An orc warlord (Orc:2)
  An orc high priest (Orc:2)
  Nergalle (Lair:1)
  An orc knight (Orc:2)
  2 orc sorcerers (Orc:2)
  2 black mambas
  A warg (Orc:2)
  5 orc warriors (Orc:2)
  2 orc priests (Orc:2)
  An orc wizard (Orc:2)
  10 orcs (Orc:2)
27 creatures vanquished.

Vanquished Creatures (others)
  A fire dragon (D:15)
  2 bushes
  13 fungi
  24 plants
40 creatures vanquished.

Grand Total: 1110 creatures vanquished

Notes
Turn   | Place    | Note
--------------------------------------------------------------
     0 | D:1      | tyranidshit the Minotaur Berserker began the quest for the Orb.
     0 | D:1      | Reached XP level 1. HP: 19/19 MP: 0/0
    62 | D:1      | Reached skill level 4 in Fighting
    68 | D:1      | Reached XP level 2. HP: 19/27 MP: 1/1
    74 | D:1      | Reached skill level 11 in Fighting
    74 | D:1      | Reached XP level 3. HP: 34/47 MP: 2/2
   309 | D:1      | You fall through a shaft!
   325 | D:2      | Noticed Robin
   326 | D:2      | Reached ** piety under Trog
   335 | D:2      | Killed Robin
   338 | D:2      | Reached XP level 4. HP: 55/55 MP: 3/3
   436 | D:2      | Found a sparkling altar of Nemelex Xobeh.
   499 | D:2      | Noticed Sigmund
   514 | D:2      | Killed Sigmund
   514 | D:2      | Reached XP level 5. HP: 38/61 MP: 4/4
   514 | D:2      | Reached XP level 6. HP: 42/68 MP: 5/5
   544 | D:2      | Reached *** piety under Trog
   955 | D:3      | Found a glowing golden altar of the Shining One.
  1350 | D:3      | Reached **** piety under Trog
  1533 | D:4      | Reached skill level 5 in Axes
  1540 | D:4      | Found an opulent altar of Gozag.
  1685 | D:4      | Found Nojuack's Assorted Antiques.
  1721 | D:4      | Reached XP level 7. HP: 71/74 MP: 6/6
  1921 | D:4      | Found a shadowy altar of Dithmenos.
  1921 | D:4      | Found an oddly glowing altar of Pakellas.
  2002 | D:4      | Reached skill level 5 in Armour
  2132 | D:4      | Got a fine battleaxe
  2133 | D:4      | Identified the +8 battleaxe "Feilo" {freeze, rN+ Dex+3} (You found it on level 4 of the Dungeon)
  2172 | D:5      | Entered Level 5 of the Dungeon
  2175 | D:5      | Found a large runed door.
  2175 | D:5      | Found a large runed door.
  2178 | D:5      | Noticed Grinder
  2181 | D:5      | Killed Grinder
  2181 | D:5      | Reached XP level 8. HP: 79/82 MP: 7/7
  2196 | D:5      | Reached skill level 5 in Dodging
  2356 | D:5      | Found a glowing drain.
  2371 | Sewer    | Entered a sewer
  2457 | Sewer    | Reached ***** piety under Trog
  2475 | Sewer    | Found a white marble altar of Elyvilon.
  2892 | D:5      | Found a large runed door.
  2892 | D:5      | Found a large runed door.
  2914 | D:5      | Received a gift from Trog
  3163 | D:5      | Got a polished quarterstaff
  3164 | D:5      | Identified the +10 quarterstaff of Egobuig {crush, *Drain rC+ Dex+4} (You found it on level 5 of the Dungeon)
  3194 | D:6      | Found a staircase to the Ecumenical Temple.
  3246 | D:6      | Reached XP level 9. HP: 77/89 MP: 8/8
  3405 | D:6      | Found a white marble altar of Elyvilon.
  3500 | D:6      | Found a shattered altar of Ashenzari.
  3520 | D:7      | Found a flagged portal.
  3522 | D:7      | Noticed Thomus's ghost (novice HOFi)
  3529 | D:7      | Killed Thomus's ghost
  3543 | Bailey   | Entered a bailey
  3642 | Bailey   | Noticed an orc knight
  3647 | Bailey   | Received a gift from Trog
  3660 | Bailey   | Killed an orc knight
  3660 | Bailey   | Reached XP level 10. HP: 51/96 MP: 9/9
  3703 | Bailey   | Noticed an orc knight
  3703 | Bailey   | Noticed an orc knight
  3703 | Bailey   | Noticed an orc warlord
  3703 | Bailey   | Noticed an orc knight
  3714 | Bailey   | Killed an orc warlord
  3717 | Bailey   | Killed an orc knight
  3721 | Bailey   | Killed an orc knight
  3721 | Bailey   | Reached skill level 10 in Axes
  3724 | Bailey   | Killed an orc knight
  3724 | Bailey   | Reached skill level 10 in Armour
  3727 | Bailey   | Received a gift from Trog
  3729 | Bailey   | HP: 3/96 [orc warrior/war axe (23)]
  3773 | Bailey   | Gained mutation: Your natural rate of healing is unusually fast. [potion of beneficial mutation]
  4097 | D:4      | Bought a dented filigree amulet for 155 gold pieces
  4097 | D:4      | Bought an iron wand for 124 gold pieces
  4419 | D:7      | Found a glowing silver altar of Zin.
  4563 | D:8      | Found an iron altar of Okawaru.
  4746 | D:8      | Found Dicaic's Distillery.
  4880 | D:8      | Reached XP level 11. HP: 103/103 MP: 10/10
  5196 | D:9      | Found a staircase to the Lair.
  5207 | D:9      | Reached skill level 10 in Dodging
  5485 | D:9      | Found a sacrificial altar of Ru.
  5714 | D:10     | Entered Level 10 of the Dungeon
  5733 | D:10     | Noticed Snorg
  5743 | D:10     | Noticed a hill giant
  5747 | D:10     | Killed Snorg
  5751 | D:10     | Killed a hill giant
  5892 | D:10     | Killed an unseen horror
  5892 | D:10     | Reached skill level 12 in Fighting
  5947 | D:10     | Reached ****** piety under Trog
  6238 | D:10     | Found a staircase to the Orcish Mines.
  6306 | D:10     | Noticed a hill giant
  6316 | D:10     | Killed a hill giant
  6316 | D:10     | Reached skill level 13 in Fighting
  6399 | Lair:1   | Entered Level 1 of the Lair of Beasts
  6436 | Lair:1   | Noticed an eight-headed hydra
  6438 | Lair:1   | Noticed Joseph
  6462 | D:9      | Killed a ten-headed hydra
  6524 | Lair:1   | Killed Joseph
  6576 | Lair:1   | Reached skill level 14 in Fighting
  6589 | Lair:1   | Noticed Nergalle
  6597 | Lair:1   | Killed Nergalle
  6597 | Lair:1   | Reached XP level 12. HP: 101/117 MP: 11/11
  6637 | Lair:1   | Received a gift from Trog
  7121 | Lair:2   | Reached skill level 15 in Fighting
  7153 | Lair:2   | Found a labyrinth entrance.
  7159 | Lab      | Entered a labyrinth
  8473 | Lab      | Noticed a minotaur
  8479 | Lab      | Killed a minotaur
  8515 | Lab      | Got a transparent war axe
  8515 | Lab      | Got a translucent chain mail
  8516 | Lab      | Identified the cursed +1 war axe "Vira Uts" {venom, Dex+3} (You found it in a labyrinth)
  8533 | Lab      | Identified the +3 chain mail of Divine Compulsion {+Blink rC+ rN+} (You found it in a labyrinth)
  8686 | Lair:3   | Reached skill level 1 in Evocations
  9021 | Lair:3   | Received a gift from Trog
  9021 | Lair:3   | Reached skill level 5 in Evocations
  9336 | Lair:3   | Found a staircase to the Shoals.
  9998 | Lair:5   | Noticed a seven-headed hydra
 10004 | Lair:5   | Killed a ten-headed hydra
 10005 | Lair:5   | Reached XP level 13. HP: 127/127 MP: 16/18
 10116 | Lair:5   | Found a staircase to the Snake Pit.
 10455 | Lair:6   | Noticed Maud
 10463 | Lair:6   | Killed Maud
 10660 | Lair:6   | Noticed Nessos
 10676 | Lair:6   | Killed Nessos
 10728 | Lair:6   | Reached skill level 10 in Evocations
 10787 | Lair:6   | Received a gift from Trog
 10986 | Lair:7   | Reached skill level 16 in Fighting
 11115 | Lair:7   | Found a frozen archway.
 11141 | IceCv    | Entered an ice cave
 11292 | Lair:7   | Reached skill level 17 in Fighting
 11298 | Lair:7   | Received a gift from Trog
 11479 | Lair:8   | Entered Level 8 of the Lair of Beasts
 11677 | Lair:8   | Reached XP level 14. HP: 71/141 MP: 20/20
 11683 | Lair:8   | Reached skill level 18 in Fighting
 11768 | Lair:8   | Received a gift from Trog
 12173 | Lair:8   | Reached skill level 19 in Fighting
 12386 | Lair:8   | Received a gift from Trog
 12399 | Lair:8   | Got a dazzling battleaxe {god gift}
 12400 | Lair:8   | Identified the +11 battleaxe of No Interval {speed, rC+ Str+4 Dex+4} (Trog gifted it to you on level 8 of the Lair of Beasts)
 12504 | Lair:8   | Found a staircase to the Slime Pits.
 12505 | Lair:8   | Found a viscous altar of Jiyva.
 12803 | Orc:1    | Entered Level 1 of the Orcish Mines
 13004 | Orc:1    | Noticed Erica
 13013 | Orc:1    | Killed Erica
 13265 | Orc:2    | Entered Level 2 of the Orcish Mines
 13281 | Orc:2    | Found a staircase to the Elven Halls.
 13321 | Orc:2    | Received a gift from Trog
 13323 | Orc:2    | Reached skill level 20 in Fighting
 13374 | Orc:2    | Found a roughly hewn altar of Beogh.
 13631 | Orc:2    | Found a roughly hewn altar of Beogh.
 13835 | Orc:2    | Found a roughly hewn altar of Beogh.
 13866 | Orc:2    | Found a roughly hewn altar of Beogh.
 13870 | Orc:2    | Received a gift from Trog
 14019 | Orc:2    | Found a roughly hewn altar of Beogh.
 14062 | Orc:2    | Found a roughly hewn altar of Beogh.
 14069 | Orc:2    | Found Cubiupt's Food Boutique.
 14154 | Orc:2    | Noticed an orc warlord
 14163 | Orc:2    | Killed an orc warlord
 14171 | Orc:2    | Gained mutation: Your magical capacity is low (-10% MP). [a neqoxec]
 14176 | Orc:2    | Found Duw Kune's Antique Armour Emporium.
 14177 | Orc:2    | Found a roughly hewn altar of Beogh.
 14180 | Orc:2    | Found Tejiudob's Antique Weapon Shoppe.
 14690 | D:11     | Reached XP level 15. HP: 134/157 MP: 19/19
 15713 | D:13     | Found a radiant altar of Vehumet.
 15739 | D:13     | Found a stormy altar of Qazlal.
 15793 | D:13     | Received a gift from Trog
 16462 | D:14     | Noticed Sonja
 16470 | D:14     | Killed Sonja
 16535 | D:14     | Found a gate to the Vaults.
 16712 | D:14     | Noticed Azrael
 16723 | D:14     | Killed Azrael
 16731 | D:14     | Received a gift from Trog
 16813 | D:14     | Noticed Roxanne
 17002 | D:15     | Entered Level 15 of the Dungeon
 17122 | D:15     | Identified the Guide on the Enchanting Compass
 17677 | D:15     | Found a staircase to the Depths.
 17920 | D:15     | Found an oddly glowing altar of Pakellas.
 18197 | Shoals:1 | Entered Level 1 of the Shoals
 18432 | Shoals:1 | Received a gift from Trog
 18775 | Shoals:2 | Reached XP level 16. HP: 157/165 MP: 20/20
 18999 | Shoals:2 | Received a gift from Trog
 19234 | Shoals:3 | Got a smoking falchion
 19236 | Shoals:3 | Identified the +4 falchion "Beetlebane" {distort, Str+4 Int+2 Dex+2 SInv} (You found it on level 3 of the Shoals)
 19271 | Shoals:3 | Noticed a kraken
 19279 | Shoals:3 | Gained mutation: Your body sometimes deteriorates upon taking damage. [mutagenic glow]
 19316 | Shoals:3 | Gained mutation: Your spells are a little easier to cast, but a little less powerful. [mutagenic glow]
 19463 | Shoals:3 | Noticed junkhipster's ghost (journeyman GrFi)
 19515 | Shoals:3 | HP: 5/165 [junkhipster's ghost (19)]
 19515 | Shoals:3 | HP: 2/165 [junkhipster's ghost (3)]
 19517 | Shoals:3 | Mangled by a snapping turtle

Skill      XL: |  1  2  3  4  5  6  7  8  9 10 11 12 13 14 15 16 |
---------------+-------------------------------------------------+-----
Fighting       | 4 11 14 15 17 20 | 20.8
Axes           | 4 5 6 7 9 10 11 13 14 | 14.6
Armour         | 3 4 5 7 8 10 11 13 14 | 14.2
Dodging        | 3 4 6 8 9 10 12 13 | 13.2
Evocations     | 8 10 | 10.0

Action                   |  1- 3 |  4- 6 |  7- 9 | 10-12 | 13-15 | 16-18 || total
-------------------------+-------+-------+-------+-------+-------+-------++-------
Melee: Hand axe          |    32 |   124 |    28 |       |       |       ||   184
       Headbutt          |     3 |    28 |    37 |   106 |   253 |    43 ||   470
       Battleaxe         |       |       |   147 |   292 |   936 |   195 ||  1570
       War axe           |       |       |       |   125 |       |       ||   125
Invok: Berserk           |     1 |       |     1 |     4 |     5 |       ||    11
       Trog's Hand       |       |     1 |       |     4 |    13 |     7 ||    25
       Burn Spellbooks   |       |       |     1 |     2 |     3 |       ||     6
       Brothers in Arms  |       |       |       |     1 |     5 |       ||     6
 Abil: Evoke Blink       |       |       |       |       |     7 |     5 ||    12
Evoke: Wand              |       |       |       |     5 |     9 |       ||    14
  Use: Scroll            |     3 |     6 |     2 |    18 |    10 |       ||    39
       Potion            |     1 |     3 |     2 |     3 |     4 |     5 ||    18
 Stab: Petrified         |       |       |       |       |     2 |       ||     2
  Eat: Bread ration      |       |     1 |     2 |     2 |     3 |       ||     8
       Beef jerky        |       |       |       |     3 |     2 |       ||     5
       Meat ration       |       |       |       |     3 |     5 |     2 ||    10
       Pizza             |       |       |       |     1 |       |       ||     1
       Fruit             |       |       |       |     1 |     1 |       ||     2
Armor: Animal skin       |     2 |       |       |       |       |       ||     2
       Scale mail        |    15 |     9 |       |       |       |       ||    24
       Plate armour      |       |    79 |   132 |   165 |       |       ||   376
       Chain mail        |       |       |       |    97 |   625 |   154 ||   876
Dodge: Dodged            |    27 |    58 |   117 |   306 |   845 |   238 ||  1591
Block: Large shield      |       |       |       |   120 |       |       ||   120
